 Dungeon Crawl Stone Soup version 0.31-a0-851-g7ff8af7976 (webtiles) character file.

Game seed: 5604267179208202

1 Kurtz the Sneak (level 1, -17/18 HPs)
             Began as a Mummy Delver on Oct 6, 2023.
             Demolished by Blork the orc
             ... wielding a +1 heavy glaive
              (22 damage)
             ... on level 4 of the Dungeon.
             The game lasted 00:00:22 (113 turns).

Kurtz the Sneak (Mummy Delver)                       Turns: 113, Time: 00:00:23

Health: -17/18     AC:  3    Str: 15    XL:     1   Next: 16%
Magic:  1/1        EV: 11    Int:  9    God:
Gold:   0          SH:  0    Dex: 13    Spells: 0/0 levels left

rFire   x . .        a - +0 hand axe
rCold   + . .        (no shield)
rNeg    + + +        b - +0 leather armour
rPois   ∞            (no helmet)
rElec   .            (no cloak)
rCorr   .            (no gloves)
SInv    .            (no boots)
Will    .....        (no amulet)
Stlth   ++           (no ring)
HPRegen 0.23/turn    (no ring)
MPRegen 0.07/turn

%: faith
@: no status effects
A: cold resistance 1, negative energy resistance 3, torment resistance 2, heat
vulnerability 1, in touch with death 1, no potions, faith
a: no special abilities


You were on level 4 of the Dungeon.
You visited 1 branch of the dungeon, and saw 2 of its levels.

Inventory:

Hand Weapons
 a - a +0 hand axe (weapon)
Armour
 b - a +0 leather armour (worn)
Wands
 f - a wand of digging (3)
Scrolls
 c - a scroll of fog
 d - a scroll of revelation
 e - a scroll of fear


   Skills:
 - Level 3.0 Fighting
 * Level 1.7 Axes
 - Level 1.5 Dodging
 - Level 4.1 Stealth


You couldn't memorise any spells.
You didn't know any spells.
Your spell library was empty.

Dungeon Overview and Level Annotations

Branches:
Dungeon (5/15)             Temple (0/1) D:5

Altars:

Annotations:
D:4 Blork the orc, Menkaure


Innate Abilities, Weirdness & Mutations

You are immune to poison.
Your flesh is cold resistant. (rC+)
You are immune to negative energy. (rN+++)
You are immune to unholy pain and torment.
You are vulnerable to heat. (rF-)
You are in touch with the powers of death.
You do not drink.
You have a special connection with the divine. (Faith)


Message History

There is a stone staircase leading up here.
Your library has no spells.
You climb upwards.
The ball python hisses angrily.
There is a stone staircase leading down here.
Found a scroll labelled YCIT MUC TEHO.
The ball python barely misses you. The ball python closely misses you.
You closely miss the ball python.
The ball python bites you but does no damage.
The ball python closely misses you.
You closely miss the ball python. Your punch misses the ball python.
The ball python barely misses you. The ball python closely misses you.
The ball python misses you. The ball python completely misses you.
You hit the ball python but do no damage.
The ball python bites you. The ball python barely misses you.
You hit the ball python.
The ball python is severely wounded.
The ball python completely misses you. The ball python barely misses you. x2
The ball python grabs you. The ball python constricts you.
You hit the ball python.
You kill the ball python!
No target in view!
HP restored.
A giant cockroach comes into view.
Menkaure, Prince of Dust comes into view.
Menkaure shouts!
There are monsters nearby!
There is a stone staircase leading down here.
Blork the orc comes into view.
He is wielding a +1 heavy glaive.
Blork the orc shouts!
You hear a shout!
Blork the orc gestures wildly while chanting.
Blork the orc seems to speed up.
A goblin comes into view. It is wielding a +0 dagger.
The goblin shouts!
Blork the orc hits you from afar with a +1 heavy glaive!
Ouch! That really hurt!
* * * LOW HITPOINT WARNING * * *
Blork the orc hits you from afar with a +1 heavy glaive!!
Ouch! That really hurt!
You die...

.B ###.####.# ...
#......#.###
...####..........#
..M...#..........#
#.†###.##.....##
##..M....B.....##
#.########.....#
#........g.....#
............@..#
...........o.......#
..........#.#.#....##
.?...........#.#.##.#
....#...###.###.#.. #
... ...... #. #......
#. .##.


You could see Blork the orc (fast), a giant cockroach and a goblin.

Vanquished Creatures
  A ball python (D:4)
1 creature vanquished.

Notes
Turn   | Place    | Note
-------+----------+-------------------------------------------
     0 | D:5      | Kurtz the Mummy Delver began the quest for the Orb.
     0 | D:5      | Reached XP level 1. HP: 18/18 MP: 1/1
    22 | D:5      | Noticed a sleepcap
    50 | D:5      | Noticed an iguana
    83 | D:5      | Found a staircase to the Ecumenical Temple.
   101 | D:4      | Noticed Menkaure
   110 | D:4      | Noticed Blork the orc
   113 | D:4      | Demolished by Blork the orc

Illustrated notes

Levels and vault maps discovered:
D:4:      layout_basic, lemuel_doored_altar, uniq_blork_the_orc, uniq_eustachio,
          uniq_menkaure, uniq_pargi
D:5:      layout_cave_pools, pdpol_wu_jian_five_deadly_venoms,
          minmay_temple_entry_statues_fountains

Action                     || total
---------------------------++-------
  Melee: Hand axe          ||     5
 Armour: Leather armour    ||     4
  Dodge: Dodged            ||    11

Table legend: (Time is in decaauts)
 A = Elapsed time spent in this place.
 B = Non-inter-level travel time spent in this place.
 C = Inter-level travel time spent in this place.
 D = Time resting spent in this place.
 E = Time spent auto-exploring this place.
 F = Levels seen in this place.
 G = Mean time per level.
                   A        B        C        D        E       F      G
               +--------+--------+--------+--------+--------+-----+--------+
         Total |    114 |    114 |      0 |      0 |     28 |   2 |   57.0 |
       Dungeon |    114 |    114 |      0 |      0 |     28 |   2 |   57.0 |
               +--------+--------+--------+--------+--------+-----+--------+

Top non-repeatable levels by time:
     D:5: 87 daAuts
     D:4: 27 daAuts
